 Dungeon Crawl Stone Soup version 0.15.0-14-g6bbbb5c (webtiles) character file.

76 Johnny the Ruinous (level 3, -5/27 HPs)
             Began as a Demigod Conjurer on Sept 5, 2014.
             Killed from afar by a white imp (6 damage)
             ... with a puff of frost
             ... summoned by Natasha
             ... on Level 3 of the Dungeon.
             The game lasted 00:05:36 (1619 turns).

Johnny the Ruinous (Demigod Conjurer)               Turns: 1619, Time: 00:05:38

HP  -5/27        AC  7     Str 12      XL: 3   Next: 89%
MP   1/8         EV  9     Int 20      God:
Gold 113         SH  0     Dex 16      Spells:  3 memorised,  0 levels left

rFire  . . .     SeeInvis .     a - +0 dagger (curse)
rCold  . . .     Clarity  .     m - +0 ring mail
rNeg   . . .     rCorr    .     (no shield)
rPois  +         rRot     .     i - +1 helmet
rElec  .         Spirit   .     (no cloak)
SustAb .         Warding  .     (no gloves)
rMut   .         Stasis   .     (no boots)
Gourm  .                        (no amulet)
MR     .....                    (no ring)
                                d - ring of poison resistance

@: not resistant to hostile enchantments, very unstealthy
A: no striking features
a: no special abilities


You were on level 3 of the Dungeon.
You were not hungry.

You visited 1 branch of the dungeon, and saw 3 of its levels.

You collected 113 gold pieces.

Inventory:

Hand weapons
 a - a cursed +0 dagger (weapon)
 k - a +0 short sword
 l - a +0 dagger of speed
 o - a +0 cutlass
 r - a cursed -2 dagger
Armour
 i - a +1 helmet (worn)
 m - a +0 ring mail (worn)
Comestibles
 b - 3 bread rations
 f - a meat ration
Scrolls
 h - a scroll of enchant armour
 n - a scroll of magic mapping
 s - a scroll of enchant weapon {unknown}
Jewellery
 d - a ring of poison resistance (left hand)
Potions
 e - a potion of cure mutation {unknown}
 g - 4 potions of curing {unknown}
 j - a potion of lignification {unknown}
 p - a potion of poison {unknown}
 q - a potion of agility {unknown}
Books
 c - a book of Conjurations

   Spells                             Type                      Level
   *Magic Dart                        Conjuration                  1
   *Searing Ray                       Conjuration                  2
   *Dazzling Spray                    Conjuration/Hexes            3
   Fulminant Prism                    Conjuration/Hexes            4
   Iskenderun's Mystic Blast          Conjuration                  4
   Iskenderun's Battlesphere          Conjuration/Charms           5


   Skills:
 + Level 0.3 Fighting
 + Level 0.8 Armour
 + Level 2.0 Dodging
 + Level 2.0 Stealth
 + Level 0.1 Unarmed Combat
 + Level 2.4 Spellcasting
 + Level 4.3 Conjurations


You couldn't memorise any spells.
You knew the following spells:

 Your Spells              Type           Power        Failure   Level  Hunger
a - Magic Dart            Conj           ###.         4%          1    #......
b - Searing Ray           Conj           ###...       10%         2    ##.....
c - Dazzling Spray        Conj/Hex       ##......     30%         3    ###....


Dungeon Overview and Level Annotations

Branches:
Dungeon (3/15)

Annotations:
D:3 Natasha


Message History

Natasha barely misses you. The white imp barely misses you.
You hit Natasha but do no damage.
Natasha is heavily wounded.
Natasha stares at you and mumbles some strange words.
The magic dart hits you! The white imp hits you. The white imp freezes you.
* * * LOW HITPOINT WARNING * * *
The crimson imp barely misses you.
You miss Natasha.
Natasha is heavily wounded.
Natasha casts a spell at you. The magic dart hits you!
* * * LOW HITPOINT WARNING * * *
The crimson imp closely misses you. The white imp closely misses you.
You hit Natasha.
Natasha is heavily wounded.
Natasha claws you.
* * * LOW HITPOINT WARNING * * *
The white imp gestures at you. The puff of frost hits you!
You die...

#.....)....<.##..#...
#.....)..#...##..##.
#......)%#...##### #
#....?..........
#.#.##..........#..
#..%.....#####..# .
#......).# ...
#........# #..
#.....5@.#
.........h5#
..#..?....## .
#.#.....# ..........
##.......# #.......#
.....## ...


You could see Natasha, a crimson imp and a white imp.

Vanquished Creatures
  Ijyb (D:3)
  An adder (D:2)
  2 worms (D:2)
  2 giant cockroaches
  3 goblins
  3 hobgoblins
  3 jackals (D:1)
  5 kobolds
  A ball python (D:1)
  5 bats
  4 giant newts
  10 rats
40 creatures vanquished.

Notes
Turn   | Place    | Note
--------------------------------------------------------------
     0 | D:1      | Johnny, the Demigod Conjurer, began the quest for the Orb.
     0 | D:1      | Reached XP level 1. HP: 14/14 MP: 3/3
   395 | D:1      | Reached XP level 2. HP: 17/20 MP: 2/4
   498 | D:1      | Reached skill level 4 in Conjurations
  1206 | D:2      | Reached XP level 3. HP: 24/26 MP: 0/8
  1216 | D:2      | Learned a level 2 spell: Searing Ray
  1220 | D:2      | Learned a level 3 spell: Dazzling Spray
  1570 | D:3      | Noticed Ijyb
  1577 | D:3      | Killed Ijyb
  1603 | D:3      | Noticed Natasha
  1619 | D:3      | HP: 1/27 [Natasha (3)]
  1619 | D:3      | Killed from afar by a white imp

Action                   || total
-------------------------++-------
Melee: Unarmed           ||     3
       Dagger            ||    58
 Cast: Magic Dart        ||    70
       Dazzling Spray    ||     3
  Use: Scroll            ||     5
 Stab: Invisible         ||     2
  Eat: Chunk             ||     3
